TOP OF THE 1ST |
Bemidji Benders batting - Pitching for Erie Jaxx : LHP Francisco Rodríguez
|
Pitching: LHP Francisco Rodríguez
|
|
Batting: RHB Leon Heath
|
0-0: Called Strike 0-1: Ball 1-1: Ground out 6-3 (Groundball, 6M)
|
Batting: SHB Conan Hanson
|
0-0: Ball 1-0: Foul Ball, location: 2F 1-1: Swinging Strike 1-2: Ball 2-2: Foul Ball, location: 2F 2-2: Ball 3-2: Ground out 6-3 (Groundball, 56D)
|
Batting: LHB Caleb Hall
|
0-0: Ball 1-0: Ball 2-0: Swinging Strike 2-1: Ball 3-1: Called Strike 3-2: Foul Ball, location: 2F 3-2: Foul Ball, location: 2F 3-2: Strikes out swinging
|
Top of the 1st over - 0 run(s), 0 hit(s), 0 error(s), 0 left on base; Bemidji 0 - Erie 0 |
BOTTOM OF THE 1ST |
Erie Jaxx batting - Pitching for Bemidji Benders : RHP Jaime Torres
|
Pitching: RHP Jaime Torres
|
|
Batting: LHB Kyle Robbins
|
0-0: Ball 1-0: Ball 2-0: Foul Ball, location: 2F 2-1: Foul Ball, location: 2F 2-2: Fly out, F7 (Flyball, 7S)
|
Batting: SHB José Durango
|
0-0: Ball 1-0: Ball 2-0: Ball 3-0: Called Strike 3-1: Base on Balls
|
Batting: SHB Michael Field
|
0-0: Ball 1-0: Ball 2-0: Ball 3-0: Called Strike 3-1: Called Strike 3-2: Base on Balls José Durango to second
|
Batting: LHB Jim Knight
|
0-0: DOUBLE (Line Drive, 9LM) José Durango scores Michael Field to third Runner from 3rd tries for Home, SAFE, throw made home
|
Batting: RHB Ángel Serrano
|
0-0: Called Strike 0-1: Foul Ball, location: 2F 0-2: Ball 1-2: Ball 2-2: Strikes out swinging
|
Batting: RHB Andrés Silva
|
0-0: Ball 1-0: Ball 2-0: Ball 3-0: Base on Balls
|
Batting: RHB José Hernández
|
0-0: 3-RUN HOME RUN (Flyball, 89XD), Distance : 400 ft
|
Batting: RHB Edgardo Castro
|
0-0: Ball 1-0: Foul Ball, location: 2F 1-1: Swinging Strike 1-2: SINGLE (Groundball, 4MD)
|
Batting: RHB Júlio Hernández
|
0-0: Ball 1-0: Ball 2-0: Ball 3-0: Called Strike 3-1: Base on Balls Edgardo Castro to second
|
Batting: LHB Kyle Robbins
|
0-0: Ball 1-0: Foul Ball, location: 2F 1-1: Fielders Choice at 2nd, 4-6 (Groundball, 4)
|
Bottom of the 1st over - 5 run(s), 3 hit(s), 0 error(s), 1 left on base; Bemidji 0 - Erie 5 |
TOP OF THE 2ND |
Bemidji Benders batting - Pitching for Erie Jaxx : LHP Francisco Rodríguez
|
Batting: RHB Micheal Banks
|
0-0: SINGLE (Line Drive, 56)
|
Batting: RHB Joe Zapata
|
0-0: Ball 1-0: Ball 2-0: SINGLE (Groundball, 34D) Micheal Banks to second Runner from 2nd tries for 3rd, SAFE, throw made to third
|
Batting: RHB Roberto Solís
|
0-0: Foul Ball, location: 2F 0-1: SINGLE (Groundball, 4MD) Micheal Banks scores Joe Zapata to second
|
Batting: RHB Roberto Villela
|
0-0: Fly out, F7 (Flyball, 78S)
|
Batting: RHB Pedro López
|
0-0: Grounds into double play, 6-4-3 (Groundball, 6)
|
Top of the 2nd over - 1 run(s), 3 hit(s), 0 error(s), 1 left on base; Bemidji 1 - Erie 5 |
BOTTOM OF THE 2ND |
Erie Jaxx batting - Pitching for Bemidji Benders : RHP Jaime Torres
|
Batting: SHB José Durango
|
0-0: SINGLE (Line Drive, 78S)
|
Batting: SHB Michael Field
|
0-0: Ball 1-0: Called Strike 1-1: Ball 2-1: Ball 3-1: Base on Balls José Durango to second
|
Batting: LHB Jim Knight
|
0-0: Fly out, F7 (Flyball, 7S)
|
Batting: RHB Ángel Serrano
|
0-0: Ball 1-0: Called Strike 1-1: Ball 2-1: 3-RUN HOME RUN (Flyball, 7D), Distance : 367 ft
|
Pitching: LHP Juan Rodríguez
|
|
Batting: RHB Andrés Silva
|
0-0: Ball 1-0: Ball 2-0: Swinging Strike 2-1: Swinging Strike 2-2: Strikes out swinging
|
Batting: RHB José Hernández
|
0-0: Called Strike 0-1: Ball 1-1: Called Strike 1-2: Ball 2-2: Ball 3-2: Ground out 5-3 (Groundball, 56)
|
Bottom of the 2nd over - 3 run(s), 2 hit(s), 0 error(s), 0 left on base; Bemidji 1 - Erie 8 |
TOP OF THE 3RD |
Bemidji Benders batting - Pitching for Erie Jaxx : LHP Francisco Rodríguez
|
Batting: SHB Sean Moody
|
0-0: DOUBLE (Flyball, 89D)
|
Batting: RHB Leon Heath
|
0-0: Ball 1-0: Ball 2-0: Ground out 5-3 (Groundball, 5L)
|
Batting: SHB Conan Hanson
|
0-0: Foul Ball, location: 2F 0-1: Swinging Strike 0-2: Reached on error, E6 (Groundball, 6) Sean Moody to third
|
Batting: LHB Caleb Hall
|
0-0: Ball 1-0: Fly out, F7 (Flyball, 7LS)
|
Batting: RHB Micheal Banks
|
0-0: Foul Ball, location: 2F 0-1: DOUBLE (Line Drive, 7LM) Sean Moody scores Conan Hanson to third Runner from 3rd tries for Home, SAFE, no throw
|
Batting: RHB Joe Zapata
|
0-0: Ball 1-0: Ball 2-0: Called Strike 2-1: Ball 3-1: Base on Balls
|
Batting: RHB Roberto Solís
|
0-0: Fly out, F8 (Line Drive, 8LXD)
|
Top of the 3rd over - 2 run(s), 2 hit(s), 1 error(s), 2 left on base; Bemidji 3 - Erie 8 |
BOTTOM OF THE 3RD |
Erie Jaxx batting - Pitching for Bemidji Benders : LHP Juan Rodríguez
|
Batting: RHB Edgardo Castro
|
0-0: Called Strike 0-1: Foul Ball, location: 2F 0-2: Ball 1-2: Ball 2-2: Ball 3-2: Base on Balls
|
Batting: RHB Júlio Hernández
|
0-0: Ball 1-0: Ball 2-0: Ball 3-0: Base on Balls Edgardo Castro to second
|
Batting: LHB Kyle Robbins
|
0-0: Ball 1-0: Swinging Strike 1-1: Swinging Strike 1-2: Strikes out swinging
|
Batting: SHB José Durango
|
0-0: Ball 1-0: Swinging Strike 1-1: Foul Ball, location: 2F 1-2: Strikes out swinging
|
Batting: SHB Michael Field
|
0-0: Ball 1-0: SINGLE (Groundball, 3D) Edgardo Castro to third Júlio Hernández to second Runner from 3rd tries for Home, SAFE, throw made at trailing runner, SAFE at third!
|
Batting: LHB Jim Knight
|
0-0: Ball 1-0: Ball 2-0: Ball 3-0: Called Strike 3-1: Base on Balls Michael Field to second
|
Batting: RHB Ángel Serrano
|
0-0: Ball 1-0: Ball 2-0: SINGLE (Line Drive, 34) Júlio Hernández scores Michael Field to third Jim Knight to second
|
Batting: RHB Andrés Silva
|
0-0: Called Strike 0-1: Foul Ball, location: 2F 0-2: Fielders Choice at 2nd, 6-4 (Groundball, 6)
|
Bottom of the 3rd over - 2 run(s), 2 hit(s), 0 error(s), 2 left on base; Bemidji 3 - Erie 10 |
TOP OF THE 4TH |
Bemidji Benders batting - Pitching for Erie Jaxx : LHP Francisco Rodríguez
|
Batting: RHB Roberto Villela
|
0-0: Called Strike 0-1: Foul Ball, location: 2F 0-2: Strikes out swinging
|
Batting: RHB Pedro López
|
0-0: Ball 1-0: Ground out 6-3 (Groundball, 6M)
|
Batting: SHB Sean Moody
|
0-0: Called Strike 0-1: SINGLE (Line Drive, 34)
|
Batting: RHB Leon Heath
|
0-0: Fly out, F7 (Flyball, 7D)
|
Top of the 4th over - 0 run(s), 1 hit(s), 0 error(s), 1 left on base; Bemidji 3 - Erie 10 |
BOTTOM OF THE 4TH |
Erie Jaxx batting - Pitching for Bemidji Benders : LHP Juan Rodríguez
|
Batting: RHB José Hernández
|
0-0: Called Strike 0-1: Ball 1-1: Ground out 5-3 (Groundball, 25)
|
Batting: RHB Edgardo Castro
|
0-0: Called Strike 0-1: Ground out 5-3 (Groundball, 5)
|
Batting: RHB Júlio Hernández
|
0-0: Ball 1-0: SINGLE (Flyball, 7LS)
|
Batting: LHB Kyle Robbins
|
0-0: Ball 1-0: Ball 2-0: Ball 3-0: Base on Balls Júlio Hernández to second
|
Batting: SHB José Durango
|
0-0: Ball 1-0: Ball 2-0: Called Strike 2-1: Ball 3-1: Fielders Choice at 2nd, 4-6 (Groundball, 4)
|
Bottom of the 4th over - 0 run(s), 1 hit(s), 0 error(s), 1 left on base; Bemidji 3 - Erie 10 |
TOP OF THE 5TH |
Bemidji Benders batting - Pitching for Erie Jaxx : LHP Francisco Rodríguez
|
Batting: SHB Conan Hanson
|
0-0: Called Strike 0-1: Reached on error, E6 (Groundball, 6)
|
Batting: LHB Caleb Hall
|
0-0: Ball 1-0: Fly out, F2 (Popup, 23)
|
Batting: RHB Micheal Banks
|
0-0: Fly out, F8 (Flyball, 8LM)
|
Batting: RHB Joe Zapata
|
0-0: Called Strike 0-1: Ball 1-1: Called Strike 1-2: Strikes out swinging
|
Top of the 5th over - 0 run(s), 0 hit(s), 1 error(s), 1 left on base; Bemidji 3 - Erie 10 |
BOTTOM OF THE 5TH |
Erie Jaxx batting - Pitching for Bemidji Benders : LHP Juan Rodríguez
|
Pitching: RHP Sergio Hernández
|
|
Batting: SHB Michael Field
|
0-0: Ball 1-0: Swinging Strike 1-1: Ball 2-1: Foul Ball, location: 2F 2-2: Ball 3-2: Foul Ball, location: 2F 3-2: Strikes out swinging
|
Batting: LHB Jim Knight
|
Error on foul ball, E5 0-1: Swinging Strike 0-2: Strikes out swinging
|
Batting: RHB Ángel Serrano
|
0-0: Called Strike 0-1: Ball 1-1: Called Strike 1-2: Ball 2-2: Foul Ball, location: 2F 2-2: Foul Ball, location: 2F 2-2: Hit by Pitch
|
Batting: RHB Andrés Silva
|
0-0: Fly out, F9 (Flyball, 89D)
|
Bottom of the 5th over - 0 run(s), 0 hit(s), 1 error(s), 1 left on base; Bemidji 3 - Erie 10 |
TOP OF THE 6TH |
Bemidji Benders batting - Pitching for Erie Jaxx : LHP Francisco Rodríguez
|
Batting: RHB Roberto Solís
|
0-0: Ball 1-0: Called Strike 1-1: Foul Ball, location: 2F 1-2: Ball 2-2: Strikes out swinging
|
Batting: RHB Roberto Villela
|
0-0: Called Strike 0-1: Called Strike 0-2: Strikes out swinging
|
Batting: RHB Pedro López
|
0-0: Swinging Strike 0-1: Fly out, F9 (Flyball, 9)
|
Top of the 6th over - 0 run(s), 0 hit(s), 0 error(s), 0 left on base; Bemidji 3 - Erie 10 |
BOTTOM OF THE 6TH |
Erie Jaxx batting - Pitching for Bemidji Benders : RHP Sergio Hernández
|
Batting: RHB José Hernández
|
0-0: Called Strike 0-1: Foul Ball, location: 2F 0-2: Ball 1-2: Strikes out looking
|
Batting: RHB Edgardo Castro
|
0-0: Called Strike 0-1: Ball 1-1: Foul Ball, location: 2F 1-2: Ball 2-2: Fly out, F7 (Flyball, 78M)
|
Batting: RHB Júlio Hernández
|
0-0: Called Strike 0-1: Ball 1-1: Ball 2-1: Foul Ball, location: 2F 2-2: Ball 3-2: Strikes out swinging
|
Bottom of the 6th over - 0 run(s), 0 hit(s), 0 error(s), 0 left on base; Bemidji 3 - Erie 10 |
TOP OF THE 7TH |
Bemidji Benders batting - Pitching for Erie Jaxx : LHP Francisco Rodríguez
|
Batting: SHB Sean Moody
|
0-0: Called Strike 0-1: Foul Ball, location: 2F 0-2: Strikes out looking
|
Batting: RHB Leon Heath
|
0-0: Ball 1-0: Called Strike 1-1: Swinging Strike 1-2: Ball 2-2: Foul Ball, location: 2F 2-2: Foul Ball, location: 2F 2-2: Ball 3-2: Strikes out swinging
|
Batting: SHB Conan Hanson
|
0-0: Called Strike 0-1: Ball 1-1: Ball 2-1: Foul Ball, location: 2F 2-2: Ground out 6-3 (Groundball, 6)
|
Top of the 7th over - 0 run(s), 0 hit(s), 0 error(s), 0 left on base; Bemidji 3 - Erie 10 |
BOTTOM OF THE 7TH |
Erie Jaxx batting - Pitching for Bemidji Benders : RHP Sergio Hernández
|
Batting: LHB Kyle Robbins
|
0-0: Called Strike 0-1: Called Strike 0-2: Foul Ball, location: 2F 0-2: Strikes out swinging
|
Batting: SHB José Durango
|
0-0: Ball 1-0: Called Strike 1-1: Ground out 6-3 (Groundball, 6)
|
Batting: SHB Michael Field
|
0-0: Ball 1-0: Fly out, F8 (Flyball, 89XD)
|
Bottom of the 7th over - 0 run(s), 0 hit(s), 0 error(s), 0 left on base; Bemidji 3 - Erie 10 |
TOP OF THE 8TH |
Bemidji Benders batting - Pitching for Erie Jaxx : LHP Francisco Rodríguez
|
Pitching: RHP Scott King
|
|
Batting: LHB Caleb Hall
|
0-0: Called Strike 0-1: Ball 1-1: Swinging Strike 1-2: Foul Ball, location: 2F 1-2: Ball 2-2: Fly out, F2 (Popup, 15S)
|
Batting: RHB Micheal Banks
|
0-0: SOLO HOME RUN (Flyball, 7LD), Distance : 350 ft
|
Batting: RHB Joe Zapata
|
0-0: Ball 1-0: Foul Ball, location: 2F 1-1: Swinging Strike 1-2: Ball 2-2: Foul Ball, location: 2F 2-2: Ball 3-2: Foul Ball, location: 2F 3-2: Strikes out swinging
|
Batting: RHB Roberto Solís
|
0-0: Swinging Strike 0-1: Fly out, F8 (Flyball, 8RM)
|
Top of the 8th over - 1 run(s), 1 hit(s), 0 error(s), 0 left on base; Bemidji 4 - Erie 10 |
BOTTOM OF THE 8TH |
Erie Jaxx batting - Pitching for Bemidji Benders : RHP Sergio Hernández
|
Batting: LHB Jim Knight
|
0-0: Called Strike 0-1: Ball 1-1: Ball 2-1: Foul Ball, location: 2F 2-2: Foul Ball, location: 2F 2-2: Strikes out swinging
|
Batting: RHB Ángel Serrano
|
0-0: Swinging Strike 0-1: Ball 1-1: Ball 2-1: Ground out 5-3 (Groundball, 5S)
|
Batting: RHB Andrés Silva
|
0-0: Called Strike 0-1: Ball 1-1: Swinging Strike 1-2: Strikes out swinging
|
Bottom of the 8th over - 0 run(s), 0 hit(s), 0 error(s), 0 left on base; Bemidji 4 - Erie 10 |
TOP OF THE 9TH |
Bemidji Benders batting - Pitching for Erie Jaxx : RHP Scott King
|
Now in RF: William Wilson
|
|
Batting: RHB Roberto Villela
|
0-0: Called Strike 0-1: Ball 1-1: SINGLE (Groundball, 34D)
|
Batting: RHB Pedro López
|
0-0: Called Strike 0-1: Ball 1-1: Ball 2-1: Swinging Strike 2-2: Ball 3-2: Foul Ball, location: 2F 3-2: Strikes out looking
|
Batting: SHB Sean Moody
|
0-0: Ball 1-0: Called Strike 1-1: Foul Ball, location: 2F 1-2: Strikes out swinging
|
Batting: RHB Leon Heath
|
0-0: Ball 1-0: Called Strike 1-1: Foul Ball, location: 2F 1-2: Foul Ball, location: 2F 1-2: Ball 2-2: Fielders Choice at 2nd, 5-4 (Groundball, 56)
|
Top of the 9th over - 0 run(s), 1 hit(s), 0 error(s), 0 left on base; Bemidji 4 - Erie 10 |
|